 Dungeon Crawl Stone Soup version 0.31.0-9-g3a7656b989 (webtiles) character file.

Game seed: 10367804561798308030

319 qw the Skirmisher (level 6, -6/34 HPs)
             Began as a Deep Elf Hunter on Feb 2, 2024.
             Mangled by an ogre
             ... wielding a +0 giant club
              (36 damage)
             ... on level 4 of the Dungeon.
             The game lasted 00:00:09 (2623 turns).

qw the Skirmisher (Deep Elf Hunter)                 Turns: 2623, Time: 00:00:09

Health: -6/34      AC:  5    Str: 10    XL:     6   Next: 21%
Magic:  8/8        EV: 11    Int: 14    God:
Gold:   89         SH:  0    Dex: 18    Spells: 5/5 levels left

rFire   + . .        a - +0 shortbow (heavy)
rCold   . . .        (shield currently unavailable)
rNeg    . . .        i - +0 ring mail
rPois   .            (no helmet)
rElec   .            (no cloak)
rCorr   .            (no gloves)
SInv    +            (no boots)
Will    .....        d - amulet of the acrobat
Stlth   +            f - ring of see invisible
HPRegen 0.25/turn    h - ring of protection from fire
MPRegen 0.11/turn

%: acrobat
@: no status effects
A: no striking features
a: no special abilities


You were on level 4 of the Dungeon.
You visited 1 branch of the dungeon, and saw 4 of its levels.

You collected 89 gold pieces.


   Skills:
 + Level 1.6 Fighting
 - Level 9.9 Ranged Weapons
 - Level 2.4 Dodging
 - Level 1.2 Stealth


You had 5 spell levels left.
You didn't know any spells.
Your spell library was empty.

Inventory:

Hand Weapons
 a - a +0 heavy shortbow (weapon)
Armour
 i - a +0 ring mail (worn)
Jewellery
 d - an amulet of the acrobat (around neck)
 f - a ring of see invisible (left hand)
 h - a ring of protection from fire (right hand)
Potions
 c - a potion of curing
 k - a potion of mutation {unknown}

Dungeon Overview and Level Annotations

Branches:
Dungeon (4/15)
 Temple: D:4-7

Altars:


Message History

g - a potion of berserk rage Done exploring.
2579 ||| READING scroll labelled BEIHUP FYDOH.
As you read the scroll labelled BEIHUP FYDOH, it crumbles to dust.
You assume a fearsome visage.
Nothing appears to happen.
It was a scroll of fear.
Done exploring.
2580 ||| READING scroll labelled MABEDGHUA ZOLA.
As you read the scroll labelled MABEDGHUA ZOLA, it crumbles to dust.
You feel strangely unstable.
It was a scroll of teleportation.
You start waiting.
Your surroundings suddenly seem different.
Enter note:
Enter note:
Enter note: Done exploring.
2585 ||| DROPPING potion of invisibility.
You drop a potion of invisibility.
Done exploring.
2586 ||| DROPPING potion of berserk rage.
You drop a potion of berserk rage.
Done exploring.
What level of the Dungeon? (default 2, ? - help)
You see here a +0 trident.
There is a stone staircase leading down here.
You climb downwards.
There is a stone staircase leading up here.
Waypoint 3 assigned to D:4.
A ball python comes into view.
You shoot an arrow. The arrow hits the ball python!
You kill the ball python!
An ogre comes into view. It is wielding a +0 giant club.
You shoot an arrow. The arrow hits the ogre!
The ogre is heavily wounded.
The ogre hits you with a +0 giant club.
You shoot an arrow. The arrow hits the ogre!
The ogre is severely wounded.
The ogre hits you with a +0 giant club!!!
Ouch! That really hurt!
You die...

#.# #.# #.# #.#
#.# #.# #.# #.#
#@#
......O........
########.######
.# .# .# .# .#


You could see an ogre.

Vanquished Creatures
  Sigmund (D:3)
  Natasha (thrice) (D:2)
  3 adders
  A ribbon worm (D:2)
  2 dart slugs (D:1)
  An orc (D:3)
  3 endoplasms (D:1)
  A giant cockroach (D:1)
  4 goblins
  3 hobgoblins
  8 jackals
  2 quokkas
  4 ball pythons
  2 bats (D:1)
  2 frilled lizards
  8 kobolds
  3 rats
51 creatures vanquished.

Notes
Turn   | Place    | Note
-------+----------+-------------------------------------------
     0 | D:1      | qw the Deep Elf Hunter began the quest for the Orb.
     0 | D:1      | Reached XP level 1. HP: 12/12 MP: 3/3
     0 | D:1      | 0 ||| qw: Version: 0.3-a-155-g5e7d8dd
     0 | D:1      | 0 ||| qw: Game counter: 2273
     0 | D:1      | 0 ||| qw: Melee chars always use a shield: true
     0 | D:1      | 0 ||| qw: God list: Okawaru
     0 | D:1      | 0 ||| qw: Allow faded altars: false
     0 | D:1      | 0 ||| qw: Do Orc after clearing Dungeon:15 true
     0 | D:1      | 0 ||| qw: Do second Lair branch before Depths: true
     0 | D:1      | 0 ||| qw: Lair rune preference: random
     0 | D:1      | 0 ||| qw: Goals: Normal
     0 | D:1      | 0 ||| PLANNING D:1-11
   230 | D:1      | Reached skill level 6 in Ranged Weapons
   230 | D:1      | Reached XP level 2. HP: 13/16 MP: 4/4
   879 | D:1      | 879 ||| UPGRADING to +0 scale mail.
   889 | D:1      | 889 ||| DROPPING +0 leather armour.
   890 | D:1      | 890 ||| UPGRADING to +0 ring mail.
   900 | D:1      | 900 ||| DROPPING +0 scale mail.
   901 | D:1      | 901 ||| UPGRADING to amulet of the acrobat.
   906 | D:1      | 906 ||| READING scroll labelled YKEIRPHE KIYZOD.
   907 | D:1      | 907 ||| READING scroll labelled EDETU XAATRACU.
   907 | D:1      | 907 ||| BRANDING +0 shortbow.
   908 | D:1      | 908 ||| DROPPING scroll of butterflies.
   926 | D:2      | 926 ||| STAIRDANCE
   933 | D:2      | 933 ||| STAIRDANCE
   942 | D:1      | Reached XP level 3. HP: 13/20 MP: 5/5
  1113 | D:2      | Noticed Natasha
  1118 | D:2      | Killed Natasha
  1119 | D:2      | Reached skill level 7 in Ranged Weapons
  1220 | D:2      | Noticed Natasha
  1221 | D:2      | Killed Natasha
  1222 | D:2      | Reached XP level 4. HP: 25/25 MP: 6/6
  1350 | D:2      | You fall into a shaft and drop 1 floor!
  1385 | D:3      | 1385 ||| UPGRADING to ring of see invisible.
  1386 | D:3      | 1386 ||| READING scroll labelled DIJADWASIR.
  1415 | D:2      | Noticed Natasha
  1417 | D:2      | Killed Natasha
  1418 | D:2      | Reached skill level 8 in Ranged Weapons
  1784 | D:2      | 1784 ||| DRINKING 2 puce potions.
  1835 | D:3      | Reached XP level 5. HP: 29/29 MP: 7/7
  2287 | D:3      | Noticed Sigmund
  2290 | D:3      | HP: 6/29 [Sigmund/+0 scythe (7)]
  2291 | D:3      | 2291 ||| DRINKING potion of heal wounds.
  2296 | D:3      | Killed Sigmund
  2297 | D:3      | Reached skill level 9 in Ranged Weapons
  2297 | D:3      | Reached XP level 6. HP: 26/34 MP: 8/8
  2473 | D:3      | 2473 ||| UPGRADING to ring of protection from fire.
  2474 | D:3      | 2474 ||| READING scroll labelled XOCLET SIACHU.
  2475 | D:3      | 2475 ||| READING scroll labelled QAFRAH CENAH.
  2576 | D:3      | 2576 ||| READING 3 scrolls labelled UZUFIL RAIH.
  2576 | D:3      | 2576 ||| IDENTIFYING coppery potion
  2577 | D:3      | 2577 ||| READING 2 scrolls of identify.
  2577 | D:3      | 2577 ||| IDENTIFYING silvery potion
  2578 | D:3      | 2578 ||| READING scroll of identify.
  2578 | D:3      | 2578 ||| IDENTIFYING bubbling inky potion
  2579 | D:3      | 2579 ||| READING scroll labelled BEIHUP FYDOH.
  2580 | D:3      | 2580 ||| READING scroll labelled MABEDGHUA ZOLA.
  2585 | D:3      | 2585 ||| DROPPING potion of invisibility.
  2586 | D:3      | 2586 ||| DROPPING potion of berserk rage.
  2623 | D:4      | Mangled by an ogre

Levels and vault maps discovered:
D:1:      shiori_shiawase, layout_basic
D:2:      layout_loops_cross, uniq_natasha
D:3:      layout_loops_ring, minmay_door_square, chequers_serial_rivers_small_a,
          minmay_misc_feat_four_crosses, uniq_sigmund
D:4:      layout_loops_ring, minmay_quantized, uniq_ijyb

Skill      XL: |  1  2  3  4  5 |
---------------+----------------+-----
Ranged Weapons | 6 7 8 9 |  9.9
Fighting       | |  1.6
Dodging        | |  2.4
Stealth        | |  1.2

Action                     |  1- 3 |  4- 6 || total
---------------------------+-------+-------++-------
   Fire: Shortbow          |    87 |    57 ||   144
    Use: Scroll            |     2 |     8 ||    10
         Potion            |       |     2 ||     2
 Armour: Leather armour    |    20 |       ||    20
         Ring mail         |    26 |    24 ||    50
  Dodge: Dodged            |    40 |    17 ||    57

Table legend:
 A = Non-vault XP
 B = Vault XP
 C = Vault XP percentage of total XP
 D = Non-vault monster count
 E = Vault monster count
 F = Vault count percentage of total count
                 A         B        C        D         E       F
            +---------+---------+-------+---------+---------+-------
      Total |     195 |     261 |  57.2 |      49 |       2 |   3.9
            +---------+---------+-------+---------+---------+-------
        D:1 |      42 |       0 |   0.0 |      22 |       0 |   0.0
        D:2 |     103 |      35 |  25.4 |      12 |       1 |   7.7
        D:3 |      48 |     226 |  82.5 |      14 |       1 |   6.7
        D:4 |       2 |       0 |   0.0 |       1 |       0 |   0.0
            +---------+---------+-------+---------+---------+-------
